 Dungeon Crawl Stone Soup version 0.28.0-53-g5a82cb258f (webtiles) character file.

Game seed: 646832639242808854

4148 sizableburger the Thaumaturge (level 10, -1/56 HPs)
             Began as a Deep Elf Fighter on June 23, 2022.
             Was a Follower of Wu Jian.
             Slain by a gnoll sergeant
             ... wielding a +5 vorpal spear
              (5 damage)
             ... on level 8 of the Dungeon.
             The game lasted 00:24:14 (9198 turns).

sizableburger the Thaumaturge (Deep Elf Fighter)    Turns: 9198, Time: 00:24:15

Health: -1/56      AC: 14    Str: 19    XL:     10   Next: 7%
Magic:  18/24      EV: 10    Int: 14    God:    Wu Jian [*.....]
Gold:   482        SH:  0    Dex: 14    Spells: 19/25 levels left

rFire   . . .      SeeInvis .   I - +0 broad axe (flame)
rCold   . . .      Faith    .   c - +0 buckler
rNeg    . . .      Spirit   .   b - +1 scale mail
rPois   .          Reflect  +   e - +0 helmet
rElec   .          Harm     .   w - +0 cloak
rCorr   +          Rampage  .   q - +1 pair of gloves
Will    +....                   m - +0 pair of boots
Stlth   ..........              v - amulet "Wigittaeqi" {Reflect Str+2 SH+5}
HPRegen 0.18/turn               r - ring of resist corrosion
MPRegen 0.19/turn               (no ring)

@: confused, lethally poisoned (-1 -> -5), very slightly contaminated
A: no striking features
a: Renounce Religion


You were on level 8 of the Dungeon.
You worshipped Wu Jian.
Wu Jian was aware of your devotion.
You visited 2 branches of the dungeon, and saw 9 of its levels.
You also visited: Sewer.

You collected 482 gold pieces.

Inventory:

Hand Weapons
 a - a +2 war axe
 I - a +0 broad axe of flaming (weapon)
Missiles
 g - 4 javelins
 i - 201 stones
 l - 4 silver javelins (quivered)
 A - 2 throwing nets
Armour
 b - a +1 scale mail (worn)
 c - a +0 buckler (worn)
 e - a +0 helmet (worn)
 m - a +0 pair of boots (worn)
 q - a +1 pair of gloves (worn)
 w - a +0 cloak (worn)
Jewellery
 k - an amulet of regeneration
 r - a ring of resist corrosion (left hand)
 v - the amulet "Wigittaeqi" (around neck) {Reflect Str+2 SH+5}
   (You found it in a sewer)

   [amulet of reflection]

   It reflects blocked missile attacks.
   Str:       It affects your strength (+2).
   SH:        It affects your SH (+5).
 H - an amulet of faith
 J - a ring of protection from fire
Wands
 h - a wand of acid (1)
 s - a wand of iceblast (5)
 x - a wand of flame (10)
 D - a wand of digging (2)
Scrolls
 j - 6 scrolls of teleportation
 n - 2 scrolls of silence
 p - a scroll of holy word
 y - a scroll of torment {unknown}
 z - a scroll of fear {unknown}
 C - a scroll of identify
 E - a scroll of acquirement {unknown}
 F - a scroll of noise {unknown}
 K - a scroll of blinking
Potions
 d - a potion of resistance
 f - a potion of flight
 o - 2 potions of brilliance
 t - 2 potions of curing
 u - 2 potions of haste
 B - a potion of ambrosia {unknown}
 G - a potion of magic
 L - a potion of invisibility {unknown}


   Skills:
 + Level 3.4 Fighting
 - Level 7.3 Axes
 + Level 1.6 Throwing
 - Level 4.5 Armour
 - Level 3.1 Dodging
 - Level 2.4 Shields
 - Level 8.0 Spellcasting
 + Level 3.6 Conjurations
 - Level 5.6 Air Magic
 + Level 3.6 Poison Magic


You had 19 spell levels left.
You knew the following spells:

 Your Spells              Type           Power      Damage    Failure   Level
a - Mephitic Cloud        Conj/Pois/Air  17%        N/A       26%         3
b - Swiftness             Air            21%        N/A       14%         3

Your spell library contained the following spells:

 Spells                   Type           Power      Damage    Failure   Level
 Beastly Appendage        Tmut           10%        N/A       43%         1
 Sandblast                Erth           10%        2d5       43%         1
 Spider Form              Tmut/Pois      10%        N/A       56%         3
 Stone Arrow              Conj/Erth      20%        3d8       56%         3
 Ensorcelled Hibernation  Hex/Ice        10%        N/A       58%         2
 Passwall                 Tmut/Erth      4%         N/A       58%         2
 Wereblood                Tmut           5%         N/A       58%         2
 Ignite Poison            Fire/Tmut/Pois 9%         N/A       65%         3
 Gell's Gravitas          Tloc           5%         N/A       82%         3
 Teleport Other           Tloc           5%         N/A       82%         3
 Freezing Cloud           Conj/Ice/Air   7%         6-21      98%         5
 Animate Armour           Summ/Erth      10%        N/A       99%         4
 Dispersal                Tloc           2%         N/A       100%        6
 Lehudib's Crystal Spear  Conj/Erth      5%         10d3      100%        8


Dungeon Overview and Level Annotations

Branches:
Dungeon (8/15)             Temple (1/1) D:5           Sewer (visited)
   Lair: D:8-11

Altars:
Ashenzari
Dithmenos
Elyvilon
Fedhas
Gozag
Hepliaklqana
Makhleb
Nemelex Xobeh
Sif Muna
Trog
Uskayaw
Wu Jian
Xom
Yredelemnul

Shops:
D:1 *   D:5 ??

Annotations:
D:8 Psyche


Message History

The gnoll sergeant hits you but does no damage.
Something hits you but does no damage.
The gnoll sergeant hits you from afar with a +5 vorpal spear.
You block something's attack.
You miss something. Something hits you.
You are poisoned.
The gnoll sergeant barely misses you.
Casting: Swiftness (dangerous; 14% risk of failure)
Confirm with . or Enter, or press ? or * to list all spells.
Aiming: Mephitic Cloud (dangerous; 26% risk of failure)
Press: ? - help, Shift-Dir - straight line, f/p - gnoll sergeant
Aim: a gnoll sergeant, wielding a +5 vorpal spear and wearing a +0 ring mail (chance to affect: 81%)
You miscast Mephitic Cloud.
You are very lightly contaminated with residual magic.
Nothing appears to happen.
You feel very sick. Something hits you but does no damage.
The gnoll sergeant hits you from afar with a +5 vorpal spear.
Something hits you.
Casting: Mephitic Cloud (dangerous; 26% risk of failure)
Confirm with . or Enter, or press ? or * to list all spells.
Aiming: Mephitic Cloud (dangerous; 26% risk of failure)
Press: ? - help, Shift-Dir - straight line, f/p - gnoll sergeant
Aim: a gnoll sergeant, wielding a +5 vorpal spear and wearing a +0 ring mail (chance to affect: 81%)
The ball explodes into a vile cloud!
The stinking cloud engulfs something but does no damage.
The stinking cloud engulfs the gnoll sergeant but does no damage.
The stinking cloud engulfs you but does no damage.
You are engulfed in noxious fumes.
You choke on the stench!
You are confused.
You feel sick.
The gnoll sergeant hits you from afar with a +5 vorpal spear.
Unknown command.
You slash something! You burn something.
You are engulfed in noxious fumes.
You choke on the stench!
You are more confused.
You feel sick. Something hits you.
You are electrocuted!
* * * LOW HITPOINT WARNING * * *
The gnoll sergeant hits you from afar with a +5 vorpal spear.
You die...

#....g...# #....{g..####
#..........(#
#........##.###
#..........g..#
#.........#g#.#######
#.........#g#.......#
##.........#{#.#####.#
#<.........#@#..## #.#
#.######+.##.##..# #.# #.#
#..#...#..# #.# #.####
#..#._.#..###.#
#####....###..#...#......#
..............##.##.####.#
########.####..#.#..# #.#
#.# ##.#.#.#####.# #.#
#.#.#.......#


You could see a gnoll sergeant and 2 gnolls.

Vanquished Creatures
  Pikel (D:7)
  Maggie (D:7)
  Prince Ribbit (D:5)
  3 yaks (D:7)
  A water moccasin (D:5)
  An orc warrior (D:4)
  6 ogres
  A black bear (D:6)
  A necrophage (D:6)
  A centaur (D:7)
  A kobold brigand (D:6)
  3 bullfrogs
  A gnoll sergeant (D:6)
  5 scorpions
  A water moccasin zombie (D:5)
  A wyvern skeleton (D:5)
  3 wights (D:7)
  A bullfrog zombie (D:5)
  2 centaur zombies
  3 hounds
  Crazy Yiuf (D:5)
  2 jellies
  A centaur skeleton (D:5)
  4 orc priests
  5 iguanas
  4 orc wizards
  A hound zombie (D:5)
  Robin (D:3)
  6 gnolls
  8 adders
  A howler monkey skeleton (D:4)
  2 white imps
  An ufetubus (D:6)
  A worm (D:3)
  A dart slug (D:4)
  19 orcs
  4 endoplasms
  8 giant cockroaches
  12 goblins
  17 hobgoblins
  3 quokkas
  8 ball pythons
  2 bats (D:1)
  9 frilled lizards
  9 kobolds
  8 rats
  A spectral hobgoblin (D:6)
177 creatures vanquished.

Vanquished Creatures (others)
  A hobgoblin (D:4)
  7 plants (D:2)
8 creatures vanquished.

Grand Total: 185 creatures vanquished

Notes
Turn   | Place    | Note
-------+----------+-------------------------------------------
     0 | D:1      | sizableburger the Deep Elf Fighter began the quest for the
                  | Orb.
     0 | D:1      | Reached XP level 1. HP: 13/13 MP: 3/3
   146 | D:1      | Found Rethrov's Assorted Antiques.
   203 | D:1      | Reached skill level 1 in Dodging
   725 | D:1      | Reached XP level 2. HP: 14/18 MP: 4/4
   948 | D:1      | Found a faded altar of an unknown god.
  1422 | D:2      | Reached XP level 3. HP: 19/22 MP: 5/5
  1722 | D:2      | Noticed Robin
  2046 | D:3      | Killed Robin
  2757 | D:3      | Reached XP level 4. HP: 24/27 MP: 6/6
  2785 | D:3      | Learned a level 3 spell: Mephitic Cloud
  3429 | D:4      | Noticed an ogre
  4200 | D:3      | Reached XP level 5. HP: 29/32 MP: 7/7
  4303 | D:3      | Reached skill level 1 in Spellcasting
  4368 | D:4      | Killed an ogre
  4369 | D:4      | Reached skill level 2 in Spellcasting
  4369 | D:4      | Reached XP level 6. HP: 37/37 MP: 9/12
  4425 | D:4      | Reached skill level 3 in Spellcasting
  4723 | D:4      | Reached skill level 4 in Spellcasting
  5051 | D:4      | Reached XP level 7. HP: 40/41 MP: 15/15
  5115 | D:5      | Entered Level 5 of the Dungeon
  5124 | D:5      | Reached skill level 1 in Conjurations
  5135 | D:5      | Reached skill level 1 in Air Magic
  5135 | D:5      | Reached skill level 1 in Poison Magic
  5307 | D:5      | Reached skill level 5 in Axes
  5392 | D:5      | Noticed Prince Ribbit
  5412 | D:5      | Killed Prince Ribbit
  5413 | D:5      | Reached XP level 8. HP: 27/46 MP: 16/16
  5507 | D:5      | Found Dujigg's Magic Scroll Boutique.
  5659 | D:5      | Found Xaucvin's Magic Scroll Emporium.
  5718 | D:5      | Reached skill level 5 in Spellcasting
  5818 | D:5      | Found a staircase to the Ecumenical Temple.
  5827 | Temple   | Entered the Ecumenical Temple
  5855 | Temple   | Became a worshipper of the Wu Jian Council
  5910 | D:5      | Reached skill level 6 in Spellcasting
  6097 | D:5      | Found a runed translucent door.
  6098 | D:5      | Noticed Crazy Yiuf
  6222 | D:5      | Killed Crazy Yiuf
  6333 | D:6      | Reached skill level 7 in Spellcasting
  6374 | D:6      | Reached XP level 9. HP: 22/50 MP: 20/22
  6452 | D:6      | Found a glowing drain.
  6456 | Sewer    | Entered a sewer
  6591 | Sewer    | Reached * piety under Wu Jian
  6672 | Sewer    | Identified the amulet "Wigittaeqi" {Reflect Str+2 SH+5}
  6809 | D:6      | Reached skill level 8 in Spellcasting
  7210 | D:6      | Found a hide-covered altar of Uskayaw.
  7352 | D:6      | Found a hazy altar of Hepliaklqana.
  7578 | D:7      | Noticed Pikel
  7597 | D:7      | Killed Pikel
  7603 | D:7      | Learned a level 3 spell: Swiftness
  8164 | D:7      | Noticed Maggie
  8171 | D:7      | Reached skill level 5 in Air Magic
  8181 | D:7      | Killed Maggie
  8596 | D:7      | Reached skill level 1 in Throwing
  8598 | D:7      | Reached XP level 10. HP: 36/56 MP: 24/24
  9140 | D:8      | Found an opulent altar of Gozag.
  9179 | D:8      | Noticed Psyche
  9198 | D:8      | Slain by a gnoll sergeant

Illustrated notes

Levels and vault maps discovered:
D:1:      evilmike_arrival_crescent, layout_basic,
          chequers_ecumenical_altar_grove, serial_shops,
          nicolae_shop_statue_plus
D:2:      cheibrodos_old_hovel, layout_basic, uniq_robin
D:3:      layout_basic
D:4:      layout_basic, kennysheep_small_circle
D:5:      layout_loops_cross, temple_doors_e, serial_shops, shop,
          nicolae_wooded_promenade, minmay_holes, minmay_misc_feat_rows,
          hangedman_minor_gate_pass, uniq_prince_ribbit1,
          uniq_crazy_yiuf_cottage
D:6:      layout_rooms, mainiacjoe_overflow_boulevard,
          nicolae_hepliaklqana_monster_ancestors, gup_sewer_entry_bowl
D:7:      layout_basic, uniq_pikel, uniq_maggie
D:8:      layout_basic, mainiacjoe_overflow_surrounded_room,
          mainiacjoe_overflow_24_doors, uniq_psyche
Temple:   eino_narrow_crystal_temple

Skill      XL: |  1  2  3  4  5  6  7  8  9 |
---------------+----------------------------+-----
Dodging        | 1 2 3 |  3.1
Axes           | 2 3 4 5 6 7 |  7.3
Fighting       | 3 |  3.4
Spellcasting   | 2 4 7 8 |  8.0
Conjurations   | 3 |  3.6
Air Magic      | 3 5 |  5.6
Poison Magic   | 3 |  3.6
Armour         | 4 |  4.5
Throwing       | 1 |  1.6
Shields        | |  2.4

Action                   |  1- 3 |  4- 6 |  7- 9 | 10-12 || total
-------------------------+-------+-------+-------+-------++-------
Melee: War axe           |    92 |   115 |   320 |       ||   527
       Broad axe         |       |       |    16 |     6 ||    22
Throw: Stone             |    44 |       |       |       ||    44
       Javelin           |       |     7 |    35 |     1 ||    43
 Cast: Swiftness         |       |       |     1 |       ||     1
       Mephitic Cloud    |       |       |       |     1 ||     1
Invok: Lunge             |       |       |    17 |     1 ||    18
       Whirlwind         |       |       |     6 |       ||     6
Evoke: Wand              |       |       |     2 |       ||     2
  Use: Scroll            |     6 |     5 |     5 |       ||    16
       Potion            |       |     2 |    10 |       ||    12
Armor: Scale mail        |    46 |    68 |   174 |     5 ||   293
Dodge: Dodged            |    36 |    57 |   129 |     3 ||   225
Block: Buckler           |    25 |    27 |   107 |     2 ||   161
       Reflection        |       |       |     3 |       ||     3
